 Dungeon Crawl Stone Soup version 0.25-a0-936-gcfa9253 (webtiles) character file.

Game seed: 9467843681911068278, levelgen mode: deterministic

644 DrEnzyme the Skirmisher (level 7, -15/55 HPs)
             Began as a Human Wanderer on May 4, 2020.
             Killed from afar by Dowan (37 damage)
             ... with a shard of ice
             ... on level 4 of the Dungeon.
             The game lasted 00:11:29 (4929 turns).

DrEnzyme the Skirmisher (Human Wanderer)            Turns: 4929, Time: 00:11:29

Health: -15/55     AC: 10    Str: 16    XL:     7   Next: 82%
Magic:  7/7        EV:  9    Int: 11    God:
Gold:   175        SH:  5    Dex: 12    Spells: 6/6 levels left

rFire    + . .     SeeInvis .   y - +3 dagger (venom)
rCold    x . .     Gourm    .   (no shield)
rNeg     . . .     Faith    .   C - +0 scale mail
rPois    .         Spirit   .   B - +2 helmet
rElec    .         Reflect  +   i - scarf {repulsion}
rCorr    .         Harm     .   (no gloves)
MR       .....                  (no boots)
Stlth    +.........             r - +5 amulet of reflection
HPRegen  0.18/turn              A - ring of fire
MPRegen  0.10/turn              (no ring)

@: flying, repel missiles
A: no striking features
a: no special abilities


You were on level 4 of the Dungeon.
You were very hungry.

You visited 1 branch of the dungeon, and saw 4 of its levels.

You collected 175 gold pieces.

Inventory:

Hand Weapons
 a - a +2 falchion
 s - a +0 hunting sling
 y - a +3 dagger of venom (weapon)
Missiles
 w - 14 poisoned darts (quivered)
Armour
 i - a scarf of repulsion (worn)
 k - a +0 buckler
 p - a +0 ring mail
 B - a +2 helmet (worn)
 C - a +0 scale mail (worn)
Jewellery
 r - a +5 amulet of reflection (around neck)
 A - a ring of fire (left hand)
Wands
 h - a wand of paralysis (4)
Scrolls
 c - 6 scrolls of remove curse
 e - a scroll of fear {unknown}
 j - a scroll of immolation
 q - a scroll of teleportation
Potions
 b - 2 potions of mutation {unknown}
 d - 3 potions of flight
 g - 3 potions of brilliance {unknown}
 o - a potion of cancellation {unknown}
 t - 2 potions of degeneration
 u - a potion of heal wounds {unknown}
 v - a potion of stabbing {unknown}
 z - a potion of curing
Comestibles
 f - 13 rations


   Skills:
 + Level 4.5 Fighting
 + Level 4.5 Long Blades
   Level 1.0 Polearms
 - Level 1.0 Throwing
 + Level 3.8 Armour
 - Level 1.1 Dodging
 - Level 3.0 Stealth
 * Level 3.1 Shields


You had 6 spell levels left.
You didn't know any spells.
Your spell library contained the following spells:

 Spells                   Type           Power        Failure   Level  Hunger
 Sandblast                Erth           #.....       77%         1    ##.....
 Passwall                 Tmut/Erth      #.......     88%         2    ###....
 Stone Arrow              Conj/Erth      #.....       98%         3    ####...
 Petrify                  Tmut/Erth      #.......     100%        4    #####..
 Lee's Rapid Deconstruct  Erth           #.........   100%        5    ######.


Dungeon Overview and Level Annotations

Branches:
Dungeon (4/15)             Temple (0/1) D:4

Altars:
Gozag
Hepliaklqana
Nemelex Xobeh

Shops:
D:4 *

Annotations:
D:4 2 transporters, Dowan


Message History

You hit Duvessa but do no damage.
Duvessa looks as sick as possible!
Duvessa is almost dead.
Duvessa hits you but does no damage.
You hit Duvessa.
You kill Duvessa!
Dowan screams, "No!
No!"
Dowan seems to find hidden reserves of power!
Dowan casts a spell at you. The shard of ice hits you!!
You feel a painful chill!
You closely miss Dowan. Dowan barely misses you.
Dowan hits you with a +0 dagger.
You miss Dowan.
Dowan says, "Magic will overcome all!"
Dowan closely misses you.
Dowan points at you and mumbles some strange words.
The shard of ice misses you.
Dowan points at you and mumbles some strange words.
The shard of ice hits you!!!
You feel a painful chill!
Ouch! That really hurt!
You die...

#.# #...............e>..
#.###.#####.#####.......
##.##...####.# ###..⌠...⌠
#............###.(.......
##.###........)...#%......
#...###.#####.######.##.##
###.#.###.# #.### .#
###...#.>...#####.#.#### .
#...##....≈≈≈≈@≈≈e.........
#.#....≈≈≈≈.....≈##.#####
.# #.###..≈....⌠.⌠.≈##.# #.
#.# #...._...∩..≈...# #.#
##.≈....⌠.⌠.≈#..# #.#
#.≈≈≈≈.....≈#..# #.#
#....≈≈≈≈≈≈≈#..##
#.######.............#
##...####.###..###....#


You could see Dowan.

Vanquished Creatures
  Grinder (D:4)
  Duvessa (D:4)
  A scorpion (D:4)
  2 orc priests
  Jessica (D:2)
  3 orc wizards
  A worker ant (D:4)
  4 adders
  3 worms (D:3)
  A leopard gecko (D:1)
  9 orcs
  2 ball pythons (D:1)
  5 giant cockroaches
  10 goblins
  4 hobgoblins
  4 jackals (D:1)
  5 bats
  3 frilled lizards (D:3)
  6 kobolds
  6 rats
72 creatures vanquished.

Vanquished Creatures (others)
  A goblin (D:2)
1 creature vanquished.

Grand Total: 73 creatures vanquished

Notes
Turn   | Place    | Note
-------+----------+-------------------------------------------
     0 | D:1      | DrEnzyme the Human Wanderer began the quest for the Orb.
     0 | D:1      | DrEnzyme set off with the following items: a +2 falchion, a
                  | +0 spear, a scroll of teleportation, a +0 robe, a +0
                  | dagger, a ration
     0 | D:1      | Reached XP level 1. HP: 18/18 MP: 1/1
   337 | D:1      | Reached XP level 2. HP: 21/24 MP: 2/2
   665 | D:1      | Reached XP level 3. HP: 22/30 MP: 3/3
  1545 | D:2      | Reached skill level 1 in Shields
  1545 | D:2      | Reached XP level 4. HP: 33/37 MP: 4/4
  1652 | D:2      | Found an opulent altar of Gozag.
  1665 | D:2      | Noticed Jessica
  1670 | D:2      | Killed Jessica
  2465 | D:2      | Reached XP level 5. HP: 39/42 MP: 5/5
  2590 | D:3      | Reached skill level 1 in Armour
  3185 | D:3      | Reached XP level 6. HP: 37/48 MP: 6/6
  3816 | D:4      | Found a sparkling altar of Nemelex Xobeh.
  3816 | D:4      | Found a hazy altar of Hepliaklqana.
  3822 | D:4      | Found a transporter.
  3846 | D:4      | Found a transporter.
  3901 | D:4      | Noticed Duvessa
  4389 | D:4      | Noticed Grinder
  4397 | D:4      | Killed Grinder
  4397 | D:4      | Reached XP level 7. HP: 47/55 MP: 7/7
  4550 | D:4      | Found an opulent altar of Gozag.
  4551 | D:4      | Found Gozag's Platinum Reserve.
  4876 | D:4      | Found a staircase to the Ecumenical Temple.
  4901 | D:4      | Noticed Dowan
  4923 | D:4      | Killed Duvessa
  4929 | D:4      | Killed from afar by Dowan

Levels and vault maps discovered:
D:1:      nicolae_arrival_memento_mori, layout_basic, minmay_shallow_snake_nest
D:2:      layout_loops_ring, dk_noncrumbling_3, lemuel_statue_altar,
          uniq_jessica
D:3:      layout_rooms
D:4:      layout_loops_ring, gammafunk_temple_overflow_arena,
          nemelex_xobeh_ov_fountains_minmay, minmay_temple_entry_large_hall,
          first_ration, nicolae_gozag_zags_fifth_avenue, uniq_duvessa,
          uniq_grinder

Skill      XL: |  1  2  3  4  5  6  7 |
---------------+----------------------+-----
Shields        | 1 2 3 |  3.1
Fighting       | 4 |  4.5
Long Blades    | 2 3 4 |  4.5
Armour         | 1 2 3 |  3.8
Polearms       | |  1.0
Throwing       | |  1.0
Dodging        | |  1.1
Stealth        | |  3.0

Action                   |  1- 3 |  4- 6 |  7- 9 || total
-------------------------+-------+-------+-------++-------
Melee: Falchion          |    73 |   135 |     7 ||   215
       Dagger            |       |       |    28 ||    28
Throw: Dart              |       |    16 |       ||    16
Evoke: Wand              |       |     2 |       ||     2
  Use: Scroll            |     6 |     3 |     3 ||    12
       Potion            |     1 |     6 |     1 ||     8
 Stab: Distracted        |     1 |       |       ||     1
       Sleeping          |     1 |     2 |       ||     3
       Paralysed         |       |     2 |       ||     2
  Eat: Chunk             |     2 |     5 |     1 ||     8
       Ration            |       |     1 |       ||     1
Armor: Robe              |    10 |       |       ||    10
       Ring mail         |     2 |    43 |     2 ||    47
       Scale mail        |       |       |     3 ||     3
Dodge: Dodged            |    57 |    74 |     9 ||   140
Block: Other             |     6 |    37 |     2 ||    45
       Reflection        |     1 |       |       ||     1
       Rpst.: Falchion   |    17 |    18 |       ||    35

Table legend:
 A = Non-vault XP
 B = Vault XP
 C = Vault XP percentage of total XP
 D = Non-vault monster count
 E = Vault monster count
 F = Vault count percentage of total count
                 A         B        C        D         E       F
            +---------+---------+-------+---------+---------+-------
      Total |     468 |     453 |  49.2 |      69 |       4 |   5.5
            +---------+---------+-------+---------+---------+-------
        D:1 |      34 |       2 |   5.6 |      20 |       1 |   4.8
        D:2 |      81 |      37 |  31.4 |      14 |       1 |   6.7
        D:3 |     125 |       0 |   0.0 |      29 |       0 |   0.0
        D:4 |     228 |     414 |  64.5 |       6 |       2 |  25.0
            +---------+---------+-------+---------+---------+-------
